AoeStats
← albanplumed

Nomad

505109127Analyzed
3v3 RM · 23d ago on Sep 7, 2026· 42m 52s· 6 players
Game mode
Random Map
Map size
210×210
Population
200
Speed
Normal
Resources
Standard
Victory
Conquest
Starting age
Dark Age
Ending age
Imperial Age
RankedLock teamsTeams togetherTeam positionsShared explorationLock speedFull tech treeHidden civsTurbo modeCheats
Victory
Defeat
🇪🇸 Jurchens · Spain
1393
+13
🇮🇹 Bohemians · Italy
1344
+15
🇲🇽 Khitans · Mexico
1298
+17
🇹🇷 Spanish · Türkiye
1366
-17
🇹🇷 Berbers · Türkiye
1297
-14
🇹🇷 Vietnamese · Türkiye
1294
-14
Sem
3:33 Loom
12:15 Feudal Age
16:54 Castle Age
15:53 Fletching
18:12 Bodkin Arrow
25:11 Padded Archer Armor
31:39 Leather Archer Armor
39:04 Fishing Lines
ysk
4:23 Loom
14:00 Feudal Age
18:25 Castle Age
17:00 Double-Bit Axe
18:46 Town Watch
38:27 Imperial Age
35:57 Fletching
38:35 Pikeman
39:19 Gold Mining
40:43 Bodkin Arrow
42:52 Scale Mail Armor
42:52 Bracer
albanplumed
4:24 Loom
13:41 Feudal Age
22:05 Castle Age
21:11 Double-Bit Axe
23:06 Bloodlines
23:04 Scale Barding Armor
23:24 Bow Saw
24:56 Chain Barding Armor
24:55 Horse Collar
32:01 Wheelbarrow
32:30 Forging
36:59 Iron Casting
37:47 Heavy Plow
38:07 Husbandry
40:35 Hand Cart
victorH
4:19 Loom
14:16 Feudal Age
20:25 Castle Age
22:18 Scale Barding Armor
23:21 Chain Barding Armor
25:47 Husbandry
27:52 Forging
29:48 Iron Casting
32:06 Wheelbarrow
31:50 Domestication
31:55 Double-Bit Axe
37:19 Imperial Age
35:35 Pastoralism
36:37 Gold Mining
37:24 Bow Saw
37:22 Elite Steppe Lancer
38:38 Plate Barding Armor
38:49 Hand Cart
39:34 Heavy Camel Rider
Freddy
4:57 Loom
13:48 Feudal Age
15:52 Double-Bit Axe
18:18 Castle Age
16:25 Horse Collar
18:26 Fletching
20:51 Wheelbarrow
23:42 Bodkin Arrow
27:04 Guard Tower
31:48 Ballistics
36:48 Careening
36:37 Murder Holes
38:52 Chemistry
38:25 Bow Saw
40:18 Masonry
40:58 Padded Archer Armor
42:11 Leather Archer Armor
helgibry
4:33 Loom
13:10 Feudal Age
14:01 Double-Bit Axe
20:16 Bloodlines
21:06 Wheelbarrow
25:40 Castle Age
25:20 Horse Collar
26:02 Scale Barding Armor
26:08 Forging
27:10 Chain Barding Armor
27:08 Bow Saw
30:47 Husbandry
32:05 Scale Mail Armor
32:22 Squires
36:52 Hand Cart
42:15 Imperial Age
40:53 Chain Mail Armor
41:52 Heavy Plow
43:08 Iron Casting
42:49 Elite Fire Lancer
Connection lost

Rejoining the realm…

Still unreachable

The connection could not be restored.

Session expired

The server has moved on; the page needs a fresh start.